 Dungeon Crawl Stone Soup version 0.26-a0-597-gb535b0901c (webtiles) character file.

Game seed: 12394820716742595313

(classic levelgen) 1708 EnegeticOcto the Chopper (level 8, 0/74 HPs)
             Began as a Deep Dwarf Fighter on Sept 2, 2020.
             Was a Follower of Uskayaw.
             Slain by a hornet (7 damage)
             ... on level 7 of the Dungeon.
             The game lasted 00:02:27 (2231 turns).

EnegeticOcto the Chopper (Deep Dwarf Fighter)       Turns: 2231, Time: 00:02:28

Health: 0/74       AC:  7    Str: 22    XL:     8   Next: 73%
Magic:  3/3        EV:  8    Int:  9    God:    Uskayaw [*.....]
Gold:   53         SH: 10    Dex: 12    Spells: 7/7 levels left

rFire    . . .     SeeInvis +   t - +1 dagger (vamp)
rCold    . . .     Faith    .   c - +0 kite shield
rNeg     . . .     Spirit   .   b - +0 scale mail
rPois    .         Reflect  .   (no helmet)
rElec    .         Harm     .   (no cloak)
rCorr    .                      (no gloves)
MR       +....                  (no boots)
Stlth    ..........             (no amulet)
HPRegen  0.00/turn              g - ring of see invisible
MPRegen  0.08/turn              i - ring of attention (curse)

@: lethally poisoned (0 -> 0), non-regenerating, slowed, very slow
A: damage resistance, heal wounds, sense surroundings 1, no regeneration
a: Heal Wounds, Stomp, Renounce Religion


You were on level 7 of the Dungeon.
You worshipped Uskayaw.
Uskayaw was noncommittal.
You visited 1 branch of the dungeon, and saw 7 of its levels.

You collected 235 gold pieces.
You spent 182 gold pieces at shops.

Inventory:

Hand Weapons
 a - a +0 war axe
 t - a +1 vampiric dagger (weapon)
Missiles
 r - a throwing net (quivered)
Armour
 b - a +0 scale mail (worn)
 c - a +0 kite shield (worn)
Jewellery
 g - a ring of see invisible (left hand)
 h - an uncursed ring of protection from fire
 i - a cursed ring of attention (right hand)
 l - an uncursed ring of protection from cold
 u - an uncursed ring of ice {unknown}
Wands
 s - a wand of paralysis (5)
 v - a wand of disintegration (16)
Scrolls
 f - a scroll of magic mapping {unknown}
 j - 3 scrolls of teleportation {unknown}
 k - 4 scrolls of remove curse {unknown}
 m - a scroll of fog {unknown}
 n - a scroll of immolation {unknown}
 o - 7 scrolls of identify {unknown}
 p - a scroll of blinking {unknown}
Potions
 d - a potion of might {@q3}
 e - a potion of lignification {unknown}
 q - a potion of mutation {unknown}
 w - 2 potions of haste {unknown}


   Skills:
 + Level 5.2 Fighting
 * Level 1.3 Short Blades
 - Level 7.6 Axes
 + Level 6.3 Armour
 + Level 1.2 Stealth
 + Level 6.3 Shields
 + Level 1.4 Invocations


You had 7 spell levels left.
You didn't know any spells.
Your spell library was empty.

Dungeon Overview and Level Annotations

Branches:
Dungeon (7/15)             Temple (0/1) D:7

Altars:
Kikubaaqudgha
Sif Muna
Uskayaw

Shops:
D:6 [=!}(


Innate Abilities, Weirdness & Mutations

You are resistant to damage.
You can heal yourself by infusing magical energy.
You passively map a small area around you.
You do not regenerate.


Message History

You feel much better.
You feel very sick. The hornet stings you!
You feel as though you will be slow longer.
The hornet stings you.
You feel as though you will be slow longer.
You hit the hornet.
The hornet is moderately wounded.
You feel sick. The hornet stings you!
You feel as though you will be slow longer.
The hornet stings you.
You feel as though you will be slow longer.
The hornet stings you.
You are more poisoned.
You suddenly lose the ability to move!
You feel very sick.
The hornet stings you but does no damage.
You feel sick.
The hornet stings you but does no damage.
The hornet stings you!
* * * LOW HITPOINT WARNING * * *
You feel as though you will be slow longer.
You can move again.
You feel much better.
You feel very sick. You block the hornet's attack.
The hornet stings you but does no damage.
You closely miss the hornet.
The hornet is lightly wounded.
You feel sick. You block the hornet's attack. The hornet barely misses you.
You hit the hornet but do no damage.
The hornet is lightly wounded.
The hornet closely misses you. x2; You block the hornet's attack.
You feel much better. You block the hornet's attack.
The hornet barely misses you.
You miss the hornet.
The hornet is lightly wounded.
The hornet closely misses you.
The hornet stings you but does no damage.
Your magical essence is drained by the effort!
You feel much better. The hornet stings you.
You feel as though you will be slow longer.
You block the hornet's attack.
Your shield prevents you from hitting the hornet.
The hornet is lightly wounded.
The hornet stings you!
You are more poisoned.
You suddenly lose the ability to move!
The hornet stings you but does no damage.
The hornet stings you.
You feel as though you will be slow longer.
You feel sick. The hornet stings you!
You feel as though you will be slow longer.
You feel sick. The hornet stings you!
You feel as though you will be slow longer.
The hornet stings you.
You are more poisoned.
You shrug off the repeated paralysis!
You can move again.
You closely miss the hornet.
The hornet is lightly wounded.
You feel very sick. The hornet barely misses you.
You block the hornet's attack.
You puncture the hornet!
You feel better.
The hornet is moderately wounded.
You feel very sick. You block the hornet's attack. x2
You can now stomp with the beat.
You feel much better.
You feel very sick. You block the hornet's attack. The hornet stings you!
You are more poisoned.
You feel as though you will be slow longer.
The hornet barely misses you.
You miss the hornet.
The hornet is moderately wounded.
You feel very sick. You block the hornet's attack.
The hornet barely misses you.
You hit the hornet but do no damage.
The hornet is moderately wounded.
You feel very sick. The hornet stings you.
You feel as though you will be slow longer.
You block the hornet's attack.
You barely miss the hornet.
The hornet is moderately wounded.
You feel very sick. You block the hornet's attack. The hornet stings you!
* * * LOW HITPOINT WARNING * * *
You feel as though you will be slow longer.
You fail to use your ability.
You feel very sick. The hornet stings you.
* * * LOW HITPOINT WARNING * * *
You feel as though you will be slow longer.
You block the hornet's attack. x2
You hit the hornet but do no damage.
The hornet is moderately wounded.
You feel sick. The hornet stings you!
You die...

#################
#................
#.###############
* #.# * ** *** *
, , *#.# ,, ,, *
.#### #.#, ** * *
,......##.#,* , *
#..@.# * ** * * *
, #.y..#, ,, **
#....# * , ,
#.#..., , ,, , ,
#.#.### * * ..#.#
, * *## #.# , .<#
* , , _


You could see a hornet.

Vanquished Creatures
  Eustachio (D:5)
  Duvessa (D:6)
  3 ogres
  2 centaurs
  4 big kobolds (D:6)
  A bullfrog (D:6)
  A wyvern skeleton (D:6)
  Dowan (D:6)
  A howler monkey (D:6)
  4 hounds
  An orc wizard (D:7)
  2 orc priests (D:7)
  A gnoll shaman (D:6)
  Jessica (D:5)
  3 worker ants (D:4)
  A killer bee zombie (D:6)
  7 adders
  5 gnolls (D:6)
  A shadow imp (D:6)
  2 white imps
  An adder zombie (D:6)
  2 worms
  2 dart slugs
  2 leopard geckos
  12 orcs
  2 bat zombies (D:4)
  5 giant cockroaches
  3 goblins
  6 hobgoblins
  3 kobolds
  A quokka (D:6)
  2 ball pythons
  3 bats
  A frilled lizard (D:3)
  A jackal skeleton (D:6)
  A leopard gecko skeleton (D:4)
  2 quokka skeletons
  4 rat zombies (D:4)
96 creatures vanquished.

Notes
Turn   | Place    | Note
-------+----------+-------------------------------------------
     0 | D:1      | EnegeticOcto the Deep Dwarf Fighter began the quest for the
                  | Orb.
     0 | D:1      | Reached XP level 1. HP: 20/20 MP: 1/1
    51 | D:2      | Reached XP level 2. HP: 25/27 MP: 2/2
   118 | D:2      | Reached skill level 3 in Axes
   118 | D:2      | Reached XP level 3. HP: 24/33 MP: 3/3
   218 | D:4      | Reached XP level 4. HP: 24/42 MP: 4/4
   292 | D:4      | Noticed an ogre
   299 | D:4      | Killed an ogre
   299 | D:4      | Reached skill level 4 in Axes
   299 | D:4      | Reached XP level 5. HP: 38/49 MP: 5/5
   439 | D:4      | Found an ancient bone altar of Kikubaaqudgha.
   550 | D:4      | Reached XP level 6. HP: 28/56 MP: 6/6
   678 | D:5      | Entered Level 5 of the Dungeon
   709 | D:5      | Reached skill level 5 in Axes
   831 | D:5      | Noticed Eustachio
   881 | D:5      | Killed Eustachio
   881 | D:5      | Reached XP level 7. HP: 61/64 MP: 5/5
  1064 | D:5      | Found a hide-covered altar of Uskayaw.
  1079 | D:5      | Reached skill level 5 in Armour
  1199 | D:5      | Noticed Jessica
  1206 | D:5      | Killed Jessica
  1206 | D:5      | Reached skill level 5 in Shields
  1212 | D:5      | Found a shimmering blue altar of Sif Muna.
  1375 | D:6      | Reached skill level 6 in Axes
  1400 | D:6      | Reached XP level 8. HP: 43/73 MP: 5/5
  1432 | D:6      | Found Axovuh's Armour Emporium.
  1445 | D:6      | Noticed Duvessa
  1449 | D:6      | Noticed Dowan
  1452 | D:6      | Found Wyxualan's Distillery.
  1460 | D:6      | Found Redutwicia's Gadget Shoppe.
  1475 | D:6      | Killed Dowan
  1475 | D:6      | Reached skill level 7 in Axes
  1496 | D:6      | Killed Duvessa
  1520 | D:6      | Reached skill level 5 in Fighting
  1563 | D:6      | Found Kakk's Weapon Shoppe.
  1573 | D:6      | Bought a +1 vampiric dagger for 182 gold pieces
  1619 | D:5      | Became a worshipper of Uskayaw the Reveler
  1724 | D:6      | Found Xiraoqup's Jewellery Shop.
  1837 | D:7      | Reached * piety under Uskayaw
  1840 | D:7      | Reached ** piety under Uskayaw
  1906 | D:7      | Reached skill level 1 in Invocations
  1931 | D:7      | Reached skill level 1 in Short Blades
  1931 | D:7      | Reached skill level 1 in Stealth
  2033 | D:7      | Found a staircase to the Ecumenical Temple.
  2174 | D:7      | Noticed a hornet
  2188 | D:7      | Paralysed by a hornet for 3 turns
  2212 | D:7      | Paralysed by a hornet for 3 turns
  2221 | D:7      | Paralysed by a hornet for 3 turns
  2231 | D:7      | Slain by a hornet

Illustrated notes

Levels and vault maps discovered:
D:1:      wander_arrival_desolate, layout_loops_ring, minmay_strange_pillars,
          chequers_serial_rivers_micro_c
D:2:      layout_basic, nicolae_overflow_crystal_walls,
          chequers_serial_rivers_small_3
D:3:      layout_basic, minmay_diced_spiral
D:4:      layout_cave_pools, lemuel_zombie_altar_kikubaaqudgha
D:5:      layout_loops_cross, overflow_temple_1_default, tgw_sif, uniq_eustachio
D:6:      layout_rooms, serial_shops, kennysheep_mini,
          nicolae_shop_temple_entry_statues_fountains, shop, shop, shop,
          minmay_unpleasant_kobolds, uniq_duvessa
D:7:      layout_basic, grunt_qazlal_clouds, minmay_temple_entry_proselytizer

Skill      XL: |  1  2  3  4  5  6  7  8 |
---------------+-------------------------+-----
Axes           | 3 4 5 6 7 |  7.6
Fighting       | 3 4 5 |  5.2
Armour         | 4 5 6 |  6.3
Shields        | 4 5 6 |  6.3
Invocations    | 1 |  1.4
Short Blades   | 1 |  1.3
Stealth        | 1 |  1.2

Action                   |  1- 3 |  4- 6 |  7- 9 || total
-------------------------+-------+-------+-------++-------
Melee: War axe           |    74 |   143 |   170 ||   387
       Dagger            |       |       |   151 ||   151
Invok: Stomp             |       |       |     2 ||     2
 Abil: Heal Wounds       |       |     6 |    28 ||    34
Armor: Scale mail        |    48 |    84 |   164 ||   296
Dodge: Dodged            |    29 |    62 |   161 ||   252
Block: Kite shield       |    40 |   107 |   291 ||   438

Table legend: (Time is in decaauts)
 A = Elapsed time spent in this place.
 B = Non-inter-level travel time spent in this place.
 C = Inter-level travel time spent in this place.
 D = Time resting spent in this place.
 E = Time spent auto-exploring this place.
 F = Levels seen in this place.
 G = Mean time per level.
                   A        B        C        D        E       F      G
               +--------+--------+--------+--------+--------+-----+--------+
         Total |   2377 |   2259 |    118 |      0 |   1337 |   7 |  339.6 |
       Dungeon |   2377 |   2259 |    118 |      0 |   1337 |   7 |  339.6 |
               +--------+--------+--------+--------+--------+-----+--------+

Top non-repeatable levels by time:
     D:5: 699 daAuts
     D:4: 512 daAuts
     D:6: 499 daAuts
     D:7: 438 daAuts
     D:2: 97 daAuts
     D:3: 83 daAuts
     D:1: 45 daAuts
